 Dungeon Crawl Stone Soup version 0.24-a0-639-gb70a11d811 (webtiles) character file.

Game seed: 15366788177316279427, levelgen mode: deterministic

6619 Peloso the Carver (level 10, 0/135 HPs)
             Began as a Minotaur Fighter on Sept 22, 2019.
             Was an Initiate of Gozag.
             Slain by a minotaur
             ... wielding the +7 mace of Dithmenos's Fury {crush, rElec rC+ Dex+2 Stlth+}
              (1 damage)
             ... in a Gauntlet.
             The game lasted 00:23:08 (9228 turns).

Peloso the Carver (Minotaur Fighter)                Turns: 9228, Time: 00:23:10

Health: 0/135      AC: 15    Str: 29    XL:     10   Next: 72%
Magic:  9/9        EV:  8    Int:  9    God:    Gozag
Gold:   1438       SH: 13    Dex: 10    Spells: 9/9 levels left

rFire    . . .     SeeInvis .   a - +0 long sword (flame)
rCold    . . .     Gourm    .   c - +1 shield
rNeg     . . .     Faith    .   F - +0 plate armour
rPois    +         Spirit   .   (helmet restricted)
rElec    .         Reflect  .   I - scarf {cloud immunity}
rCorr    .         Harm     .   (no gloves)
MR       +....     NoTele   +   D - +0 pair of boots
Stlth    ..........             e - amulet "Tagist" {RegenMP Int+4}
HPRegen  0.32/turn              g - ring of poison resistance
MPRegen  0.36/turn              y - ring of protection from magic

@: berserking (expiring), very quick
A: retaliatory headbutt, horns 2
a: Potion Petition, Call Merchant, Bribe Branch, Renounce Religion


You were in a Gauntlet.
You worshipped Gozag.
Gozag was most pleased with you.
You were not hungry.

You visited 3 branches of the dungeon, and saw 10 of its levels.
You also visited: Ossuary and Gauntlet.

You collected 1521 gold pieces.
You paid 83 gold pieces to Gozag.

Inventory:

Hand Weapons
 a - a +0 long sword of flaming (weapon)
Missiles
 A - 42 bolts
Armour
 b - a +0 scale mail
 c - a +1 shield (worn)
 D - a +0 pair of boots (worn)
 F - a +0 plate armour (worn)
 I - a scarf of cloud immunity (worn)
Jewellery
 e - the amulet "Tagist" (around neck) {RegenMP Int+4}
   (You found it in a Gauntlet)

   [amulet of magic regeneration]

   It increases your magic regeneration.
   It affects your intelligence (+4).
 g - a ring of poison resistance (left hand)
 i - a +3 ring of evasion
 k - an uncursed amulet of guardian spirit
 w - an uncursed ring of ice
 y - a ring of protection from magic (right hand)
Wands
 M - a wand of enslavement (17)
Scrolls
 d - 3 scrolls of enchant weapon
 h - 4 scrolls of remove curse
 j - 2 scrolls of enchant armour
 m - a scroll of noise {unknown}
 s - 5 scrolls of teleportation
 v - a scroll of magic mapping
 x - a scroll of amnesia
 z - 2 scrolls of random uselessness
 B - 2 scrolls of fear
 C - 3 scrolls of torment {unknown}
 G - a scroll of silence {unknown}
 H - a scroll of fog {unknown}
 J - a scroll of immolation {unknown}
 K - 4 scrolls of acquirement
 O - a scroll of vulnerability {unknown}
Potions
 l - 2 potions of might
 n - a potion of haste
 o - 3 potions of brilliance
 p - 4 potions of curing
 q - a potion of invisibility
 r - 3 potions of ambrosia
 t - 2 potions of magic
 u - 2 potions of heal wounds
 E - a potion of mutation {unknown}
 L - a potion of berserk rage
 N - 2 potions of agility {unknown}
Comestibles
 f - 11 rations


   Skills:
 + Level 8.6 Fighting
 + Level 11.9 Long Blades
 + Level 9.5 Armour
 + Level 4.3 Dodging
 + Level 1.3 Stealth
 + Level 9.6 Shields


You had 9 spell levels left.
You didn't know any spells.
Your spell library contained the following spells:

 Spells                   Type           Power        Failure   Level  Hunger
 Animate Skeleton         Necr           N/A          99%         1    ##.....
 Flame Tongue             Conj/Fire      #....        99%         1    ##.....
 Pain                     Necr           #...         99%         1    ##.....
 Throw Flame              Conj/Fire      #.....       100%        2    ###....
 Conjure Flame            Conj/Fire      #.......     100%        3    ####...
 Inner Flame              Hex/Fire       #.......     100%        3    ####...
 Regeneration             Chrm/Necr      #.........   100%        3    ####...
 Vampiric Draining        Necr           #.........   100%        3    ####...
 Animate Dead             Necr           N/A          100%        4    #####..
 Sticky Flame             Conj/Fire      #.......     100%        4    #####..
 Fireball                 Conj/Fire      #.........   100%        5    ######.


Dungeon Overview and Level Annotations

Branches:
Dungeon (8/15)             Temple (1/1) D:4            Lair (1/6) D:8
Ossuary (visited)         Gauntlet (1/1)

Altars:
Ashenzari
Cheibriados
Dithmenos
Fedhas
Gozag
Hepliaklqana
Kikubaaqudgha
Makhleb
Nemelex Xobeh
Okawaru
Qazlal
Ru
Sif Muna
Trog
Uskayaw
Vehumet
Wu Jian
Xom
Yredelemnul
Zin
The Shining One

Shops:
D:6 [

Annotations:
Gauntlet 12 transporters, exclusion: orange crystal statue


Innate Abilities, Weirdness & Mutations

You reflexively headbutt those who attack you in melee.
You have a pair of horns on your head.


Message History

The minotaur headbutts you!
* * * LOW HITPOINT WARNING * * *
Your headbutt misses the minotaur.
The minotaur is heavily wounded.
You slash the minotaur! You burn the minotaur.
The minotaur is heavily wounded.
The minotaur hits you with the +7 mace of Dithmenos's Fury {crush, rElec rC+ Dex+2 Stlth+}!
* * * LOW HITPOINT WARNING * * *
x2 You block the minotaur's attack.
You hit the minotaur but do no damage.
The minotaur is heavily wounded.
You hit the minotaur but do no damage. You headbutt the minotaur.
The minotaur is severely wounded.
The minotaur closely misses you. You block the minotaur's attack.
You hit the minotaur. You burn the minotaur. You headbutt the minotaur!
The minotaur is almost dead.
The minotaur hits you with the +7 mace of Dithmenos's Fury {crush, rElec rC+ Dex+2 Stlth+}!
* * * LOW HITPOINT WARNING * * *
You die...
Your body crumbles into a pile of gold.

#####.###.###.#####
###.###.###.###
#.............#
#.###.###.###.#
#......(......#
#######'#######
##.### #..∩.#
+⌠@..# #.H.⌠+
#.⌠..# ##+###


You could see a minotaur.

Vanquished Creatures
  A two-headed ogre (D:8)
  An ice devil (Gauntlet)
  2 hornets (Gauntlet)
  Grinder (D:6)
  2 hippogriffs (D:8)
  3 shadows (Gauntlet)
  A water moccasin (D:8)
  An orc warrior (D:6)
  A sky beast (D:7)
  3 ogres
  3 centaurs (D:5)
  2 big kobolds
  3 bullfrogs
  10 scorpions
  A wyvern skeleton (D:6)
  10 killer bees
  2 howler monkeys
  5 crimson imps
  A quasit (D:5)
  4 hounds
  6 orc priests
  2 centaur zombies
  4 human zombies (Ossuary)
  12 worker ants
  16 orc wizards
  3 big kobold zombies (Ossuary)
  2 hound zombies
  3 mummies (Ossuary)
  A worker ant zombie (D:7)
  6 gnolls
  3 scorpion zombies (Ossuary)
  11 adders
  2 white imps (Gauntlet)
  An ooze (D:2)
  3 worms
  A dart slug (D:2)
  5 leopard geckos
  36 orcs
  9 bats
  6 giant cockroaches
  13 goblins
  9 hobgoblins
  6 jackals
  23 kobolds
  4 quokkas
  2 ball pythons
  7 frilled lizards
  4 gnoll zombies (Ossuary)
  A goblin zombie (Ossuary)
  2 hobgoblin zombies (Ossuary)
  3 kobold zombies (Ossuary)
  3 orc zombies (Ossuary)
  A quokka skeleton (D:7)
  8 rats
  A fungus (D:8)
276 creatures vanquished.

Vanquished Creatures (others)
  20 withered plants (Gauntlet)
20 creatures vanquished.

Grand Total: 296 creatures vanquished

Notes
Turn   | Place    | Note
-------+----------+-------------------------------------------
     0 | D:1      | Peloso the Minotaur Fighter began the quest for the Orb.
     0 | D:1      | Reached XP level 1. HP: 19/19 MP: 0/0
     2 | D:1      | Noticed a gargoyle
     2 | D:1      | Noticed a minotaur
     4 | D:1      | Noticed an octopode
     4 | D:1      | Noticed a demigod
     6 | D:1      | Noticed a merfolk
     8 | D:1      | Noticed a draconian
     8 | D:1      | Noticed a naga
    11 | D:1      | Noticed a spriggan
    13 | D:1      | Noticed an ogre
    13 | D:1      | Noticed a tengu
    15 | D:1      | Noticed a vine stalker
    15 | D:1      | Noticed a dwarf
    17 | D:1      | Noticed a vampire
    17 | D:1      | Noticed an elf
    19 | D:1      | Noticed a centaur
    19 | D:1      | Noticed a halfling
    21 | D:1      | Noticed a troll
    21 | D:1      | Noticed a human
    25 | D:1      | Noticed a formicid
    25 | D:1      | Noticed a ghoul
    27 | D:1      | Noticed a demonspawn
    27 | D:1      | Noticed a felid
   173 | D:1      | Reached XP level 2. HP: 27/27 MP: 1/1
   443 | D:2      | Reached skill level 3 in Long Blades
   472 | D:2      | Reached XP level 3. HP: 32/33 MP: 2/2
  1183 | D:2      | Reached XP level 4. HP: 40/40 MP: 3/3
  1204 | D:2      | Reached skill level 4 in Long Blades
  1328 | D:2      | Reached skill level 1 in Dodging
  1462 | D:3      | Reached XP level 5. HP: 45/46 MP: 4/4
  1867 | D:3      | Reached skill level 5 in Long Blades
  2012 | D:3      | Reached XP level 6. HP: 53/53 MP: 5/5
  2065 | D:3      | Found a burning altar of Makhleb.
  2257 | D:4      | Reached skill level 5 in Fighting
  2259 | D:4      | Reached skill level 6 in Long Blades
  2262 | D:4      | Reached skill level 5 in Shields
  2271 | D:4      | Reached XP level 7. HP: 17/61 MP: 1/6
  2281 | D:4      | Found a sand-covered staircase.
  2290 | Ossuary  | Entered an ossuary
  2626 | Ossuary  | Reached skill level 5 in Armour
  2881 | Ossuary  | Reached skill level 7 in Long Blades
  2899 | Ossuary  | Reached XP level 8. HP: 61/70 MP: 4/7
  3161 | D:4      | Found a staircase to the Ecumenical Temple.
  3177 | Temple   | Entered the Ecumenical Temple
  3276 | Temple   | Became a worshipper of Gozag Ym Sagoz the Greedy
  3385 | D:4      | Reached skill level 8 in Long Blades
  4074 | D:5      | Entered Level 5 of the Dungeon
  4511 | D:5      | Reached skill level 9 in Long Blades
  4793 | D:5      | Reached XP level 9. HP: 74/79 MP: 8/8
  5494 | D:6      | Found Avubuxko's Antique Armour Boutique.
  5570 | D:6      | Noticed Grinder
  5574 | D:6      | Paralysed by Grinder for 4 turns
  5584 | D:6      | Killed Grinder
  5584 | D:6      | Reached skill level 10 in Long Blades
  6904 | D:8      | Noticed a two-headed ogre
  6911 | D:8      | Killed a two-headed ogre
  6911 | D:8      | Reached skill level 11 in Long Blades
  6911 | D:8      | Reached XP level 10. HP: 60/88 MP: 5/9
  7042 | D:8      | Found a staircase to the Lair.
  7158 | D:8      | Reached skill level 1 in Stealth
  7768 | Lair:1   | Entered Level 1 of the Lair of Beasts
  7779 | Lair:1   | Found a gate leading to a gauntlet.
  7800 | Gauntlet | Entered a Gauntlet
  7800 | Gauntlet | Found a transporter.
  7811 | Gauntlet | Found a transporter.
  7825 | Gauntlet | Found a transporter.
  7832 | Gauntlet | Found a transporter.
  7847 | Gauntlet | Found a transporter.
  7867 | Gauntlet | Found a transporter.
  7879 | Gauntlet | Found a transporter.
  7879 | Gauntlet | Noticed a ghost crab
  7891 | Gauntlet | Found a transporter.
  7891 | Gauntlet | Noticed an orange crystal statue
  7900 | Gauntlet | Noticed a glowing orange brain
  7903 | Gauntlet | Found a transporter.
  7915 | Gauntlet | Found a transporter.
  7915 | Gauntlet | Noticed a ghost crab
  7933 | Gauntlet | Found a transporter.
  7950 | Gauntlet | Found a transporter.
  7952 | Gauntlet | Found a transporter.
  7952 | Gauntlet | Noticed a moth of wrath
  7954 | Gauntlet | Noticed a brown ugly thing
  7982 | Gauntlet | Found a transporter.
  7982 | Gauntlet | Found a transporter.
  7984 | Gauntlet | Found a transporter.
  8013 | Gauntlet | Found a transporter.
  8015 | Gauntlet | Found a transporter.
  8068 | Gauntlet | Paralysed by a hornet for 3 turns
  8468 | Gauntlet | Identified 4 scrolls of acquirement
  8923 | Gauntlet | Got a vibrating sapphire amulet
  8925 | Gauntlet | Identified the amulet "Tagist" {RegenMP Int+4} (You found
                  | it in a Gauntlet)
  9215 | Gauntlet | Identified the +7 mace of Dithmenos's Fury {crush, rElec
                  | rC+ Dex+2 Stlth+}
  9215 | Gauntlet | Noticed a minotaur
  9228 | Gauntlet | HP: 1/135 [minotaur/the +7 mace of Dithmenos's Fury {crush,
                  | rElec rC+ Dex+2 Stlth+} (15)]
  9228 | Gauntlet | Slain by a minotaur

Levels and vault maps discovered:
D:1:      kb_arrival_jail, layout_rooms
D:2:      layout_loops_cross, first_ration, nrook_mini_vaults,
          minmay_divided_ellipse
D:3:      layout_loops_corners, lemuel_doored_altar
D:4:      layout_gridville, minmay_temple_entry_proselytizer,
          lightli_ossuary_entry_decrepit_ruins
D:5:      cheibrodos_thug_alley, layout_basic, chequers_serial_rivers_micro_c
D:6:      layout_loops_cross, serial_shops, shop, minmay_circle_x, uniq_grinder
D:7:      layout_gridville, minmay_misc_feat_square
D:8:      layout_gridville, dpeg_oklobed_lair
Temple:   regret_index_temple_sigil_plot
Lair:1:   layout_cave_pods, gauntlet_entry_generic,
          nicolae_lair_grove_arrangements, uniq_gastronok, uniq_erica
Gauntlet: gammafunk_gauntlet_one_two_three [gammafunk_gauntlet_arena_teeth,
          gammafunk_gauntlet_arena_split_diamond, nicolae_gauntlet_swirl,
          gammafunk_gauntlet_arena_hedges, gammafunk_gauntlet_arena_split_x,
          gammafunk_gauntlet_arena_grid, gammafunk_gauntlet_arena_arrow_garden,
          nicolae_gauntlet_arena_x, gammafunk_gauntlet_arena_spirals,
          gauntlet_exit_hidden_loot]

Skill      XL: |  1  2  3  4  5  6  7  8  9 10 |
---------------+-------------------------------+-----
Shields        | 4 5 6 8 9 |  9.6
Fighting       | 4 5 6 7 8 |  8.6
Long Blades    | 3 4 5 6 7 9 11 | 11.9
Dodging        | 1 2 3 4 |  4.3
Armour         | 4 5 6 8 9 |  9.5
Stealth        | 1 |  1.3

Action                   |  1- 3 |  4- 6 |  7- 9 | 10-12 || total
-------------------------+-------+-------+-------+-------++-------
Melee: Long sword        |    95 |   144 |   421 |   181 ||   841
       Headbutt          |    13 |    24 |    94 |    37 ||   168
  Use: Scroll            |       |     8 |     7 |     3 ||    18
       Potion            |       |     3 |     1 |     1 ||     5
 Stab: Distracted        |       |       |     1 |     3 ||     4
  Eat: Chunk             |       |     4 |     1 |       ||     5
       Ration            |       |       |     4 |     3 ||     7
Armor: Scale mail        |    54 |    54 |    83 |       ||   191
       Plate armour      |       |       |    57 |    81 ||   138
Dodge: Dodged            |    31 |    67 |   131 |    39 ||   268
Block: Shield            |    65 |    99 |   252 |   113 ||   529
       Rpst.: Long sword |     5 |    14 |    35 |    13 ||    67

Table legend:
 A = Non-vault XP
 B = Vault XP
 C = Vault XP percentage of total XP
 D = Non-vault monster count
 E = Vault monster count
 F = Vault count percentage of total count
                 A         B        C        D         E       F
            +---------+---------+-------+---------+---------+-------
      Total |    6314 |    3142 |  33.2 |     204 |      70 |  25.5
            +---------+---------+-------+---------+---------+-------
        D:1 |      24 |       0 |   0.0 |      15 |       0 |   0.0
        D:2 |      59 |      67 |  53.2 |      23 |      12 |  34.3
        D:3 |     259 |       0 |   0.0 |      43 |       0 |   0.0
        D:4 |     675 |      41 |   5.7 |      21 |       1 |   4.5
        D:5 |     851 |     110 |  11.4 |      18 |      10 |  35.7
        D:6 |     627 |     516 |  45.1 |      24 |       6 |  20.0
        D:7 |     849 |       0 |   0.0 |      22 |       0 |   0.0
        D:8 |    2886 |       0 |   0.0 |      37 |       0 |   0.0
     Lair:1 |      84 |       0 |   0.0 |       1 |       0 |   0.0
    Ossuary |       0 |     853 | 100.0 |       0 |      33 | 100.0
   Gauntlet |       0 |    1555 | 100.0 |       0 |       8 | 100.0
            +---------+---------+-------+---------+---------+-------
